AoeStats
← RDalton77

Black Forest

504944761Analyzed
1v1 RM · 25d ago on Sep 7, 2026· 95m 25s· 2 players
Game mode
Random Map
Map size
Tiny (2 player)
Population
200
Speed
Normal
Resources
Standard
Victory
Conquest
Starting age
Dark Age
Ending age
Imperial Age
RankedLock teamsTeams togetherTeam positionsShared explorationLock speedFull tech treeHidden civsTurbo modeCheats
Victory
Defeat
🇦🇺 Koreans · Australia
923
+16
🇺🇸 Romans · United States
929
-16
RDalton77
5:52 Loom
10:52 Feudal Age
11:54 Double-Bit Axe
14:08 Man-at-Arms
16:53 Horse Collar
18:59 Forging
19:27 Arson
22:32 Fletching
22:55 Gold Mining
25:49 Castle Age
24:50 Stone Mining
24:55 Gold Mining
28:18 Bow Saw
29:41 Iron Casting
28:38 Light Cavalry
29:41 Husbandry
30:04 Thumb Ring
31:12 Wheelbarrow
31:11 Town Watch
36:25 Imperial Age
34:24 Bodkin Arrow
34:51 Heavy Plow
35:08 Hand Cart
34:54 Town Patrol
36:05 Town Patrol
37:56 Crossbowman
38:39 Arbalester
42:40 Conscription
43:06 Bracer
42:29 Hussar
43:17 Scale Barding Armor
43:13 Scale Mail Armor
45:19 Squires
46:13 Ballistics
46:54 Chemistry
46:06 Masonry
45:52 Murder Holes
48:01 Fortified Wall
54:38 Architecture
54:13 Siege Engineers
53:50 Heavy Rocket Cart
70:08 Guilds
76:31 Chain Mail Armor
76:37 Chain Barding Armor
77:46 Pikeman
78:14 Halberdier
81:40 Plate Mail Armor
EyeCaptain
8:48 Loom
8:53 Loom
12:10 Feudal Age
12:50 Man-at-Arms
14:44 Double-Bit Axe
16:35 Horse Collar
19:42 Wheelbarrow
20:28 Scale Mail Armor
23:07 Castle Age
21:23 Forging
21:47 Gold Mining
21:53 Stone Mining
23:03 Gold Mining
23:21 Long Swordsman
25:28 Bow Saw
26:10 Chain Mail Armor
26:05 Crossbowman
27:33 Heavy Plow
29:03 Iron Casting
28:38 Scale Barding Armor
34:33 Hand Cart
34:56 Squires
38:47 Imperial Age
39:30 Ballistics
39:12 Onager
40:37 Heavy Scorpion
41:42 Legionary
43:20 Gold Shaft Mining
44:47 Blast Furnace
50:34 Elite Centurion
51:14 Pikeman
52:20 Halberdier
64:01 Ballistas
68:05 Comitatenses
70:05 Crop Rotation
70:03 Chain Barding Armor
72:46 Cavalier
73:31 Husbandry
74:49 Plate Barding Armor
74:59 Capped Ram
81:00 Masonry
81:17 Siege Engineers
80:37 Siege Ram
84:44 Fletching
85:48 Architecture
Connection lost

Rejoining the realm…

Still unreachable

The connection could not be restored.

Session expired

The server has moved on; the page needs a fresh start.